 Dungeon Crawl Stone Soup version 0.16-a0-4038-ge07a62f (webtiles) character file.

3165 BluebellGnoll the Martial Artist (level 9, -8/50 HPs)
             Began as a Vine Stalker Monk on Feb 19, 2015.
             Was a Believer of Qazlal.
             Killed from afar by runewalsh's ghost (21 damage)
             ... with a shard of ice
             ... on level 7 of the Dungeon.
             The game lasted 00:31:43 (6394 turns).

BluebellGnoll the Martial Artist (VSMo)             Turns: 6394, Time: 00:31:45

Health: -8/50      AC:  7    Str: 19    XL:     9   Next: 94%
Magic:  0/12       EV: 14    Int: 10    God:    Qazlal [**....]
Gold:   378        SH:  3    Dex: 20    Spells: 0 memorised, 8 levels left

rFire  + . .     SeeInvis .       - Unarmed
rCold  . . .     Clarity  .     j - +0 ring mail
rNeg   . . .     SustAb   .     (no shield)
rPois  .         Gourm    .     (no helmet)
rElec  .         Spirit   +     (no cloak)
rCorr  .         Warding  .     f - +1 pair of gloves
rMut   .         Stasis   .     (no boots)
MR     +....                    (no amulet)
Stlth  ++........               (no ring)
                                d - ring of protection from fire

@: mighty, somewhat resistant to hostile enchantments, unstealthy
A: fangs 3, regeneration 2, magic shield, antimagic bite, no device heal 3, rot
immunity
a: Upheaval, Renounce Religion


You were on level 7 of the Dungeon.
You worshipped Qazlal.
Qazlal was pleased with you.
You were not hungry.

You visited 2 branches of the dungeon, and saw 9 of its levels.
You also visited: Sewer.

You collected 378 gold pieces.

Inventory:

Hand weapons
 s - a +1 blowgun
 F - a +0 hunting sling of flaming
Missiles
 a - 7 needles of confusion
 e - 2 javelins (quivered)
 l - a throwing net
 o - 31 poisoned needles
 v - 66 stones
 E - 4 curare-tipped needles
 N - 3 tomahawks
Armour
 f - a +1 pair of gloves (worn)
 j - a +0 ring mail (worn)
Rods
 L - a +2 rod of the swarm (13/13)
   (You found it on level 6 of the Dungeon)
Jewellery
 d - a ring of protection from fire (left hand)
 h - an uncursed ring of teleportation
 J - an uncursed ring of wizardry
Magical devices
 g - a wand of teleportation (2)
 w - a wand of teleportation (2)
Scrolls
 m - 7 scrolls of teleportation
 n - a scroll of fear
 q - 2 scrolls of blinking
 t - 2 scrolls of fog
 u - a scroll of amnesia
 y - a scroll of enchant armour
 B - 2 scrolls of enchant weapon
Potions
 c - a potion of flight
 k - a potion of ambrosia
 p - a potion of brilliance {unknown}
 r - a potion of magic {unknown}
 x - a potion of curing
 G - a potion of resistance
 I - 2 potions of might
 M - 2 potions of agility {unknown}
Books
 A - a book of Maledictions

   Spells                             Type                      Level
   a - Corona                         Hexes                        1
   b - Sure Blade                     Hexes/Charms                 2
   c - Ensorcelled Hibernation        Hexes/Ice                    2
   d - Confuse                        Hexes                        3
   e - Dazzling Spray                 Conjuration/Hexes            3
   f - Enslavement                    Hexes                        4
Comestibles
 b - 5 bread rations
 z - 7 fruits
 D - 2 meat rations
 K - a slice of pizza


   Skills:
 + Level 7.3 Fighting
 - Level 5.0 Dodging
 - Level 5.7 Stealth
 - Level 10.1 Unarmed Combat


You had 8 spell levels left.
You didn't know any spells.

Dungeon Overview and Level Annotations

Branches:
Dungeon (8/15)             Temple (1/1) D:5
   Lair: D:8-11

Altars:
Ashenzari
Elyvilon
Makhleb
Nemelex Xobeh
Qazlal
Ru
Vehumet
Yredelemnul
The Shining One

Annotations:
D:7 runewalsh's ghost, experienced OpIE


Innate Abilities, Weirdness & Mutations

You have razor-sharp teeth.
You heal very quickly.
When hurt, damage is shared between your health and your magic reserves.
Your bite disrupts and absorbs the magic of your enemies.
Potions and wands cannot restore your health.
You are immune to rotting.


Message History

You feel very mighty all of a sudden.
Runewalsh's ghost points at you and mumbles some strange words.
You block the shard of ice. Runewalsh's ghost hits you.
You punch runewalsh's ghost!
You bite runewalsh's ghost, but do no damage.
Runewalsh's ghost is moderately damaged.
Runewalsh's ghost hits you.
You hit runewalsh's ghost. Your bite misses runewalsh's ghost.
Runewalsh's ghost is moderately damaged.
Runewalsh's ghost gestures at you while chanting.
The shard of ice hits you!
* * * LOW HITPOINT WARNING * * *
You punch runewalsh's ghost! You bite runewalsh's ghost.
Runewalsh's ghost's magic leaks into the air.
You drain its magic.
You feel invigorated.
Runewalsh's ghost is heavily damaged.
Runewalsh's ghost gestures at you while chanting.
The shard of ice hits you!
You die...

§## ##...## ..#*
#....# ...##*
##....# #....###
#.....#
*###...####.....#
*#...........##
##....##.....##
#...#######.§W##
##..## ##@..####
##..## ##.....##
##..## ##>....#
##..## ##....#
...## ######
##...# ..##
##....## #...#
.## ##......#
#...# .##
##.......# ##...#
..## ##...^....#
##....#


You could see runewalsh's ghost.

Vanquished Creatures
  Pikel (D:5)
  A hungry ghost (D:7)
  The ghost of BluebellGnoll the Ruffian, an average VSMo (D:4)
  An ice beast (D:5)
  An orc warrior (D:6)
  A phantom (D:5)
  2 slaves (D:5)
  4 ogres
  2 centaurs
  3 scorpions
  A giant frog (D:6)
  3 big kobolds (Sewer)
  2 crimson imps (D:5)
  A goliath beetle (D:6)
  5 wights
  A jelly (D:6)
  3 iguanas
  4 hounds
  A giant frog skeleton (D:5)
  2 orc priests
  6 orc wizards
  6 worker ants
  Ijyb (D:2)
  8 gnolls
  8 adders
  2 shadow imps
  A giant mite (D:3)
  6 worms
  2 adder skeletons
  7 giant geckos
  20 orcs
  2 ball pythons
  12 bats
  8 giant cockroaches
  11 hobgoblins
  9 jackals
  4 oozes
  6 quokkas
  4 giant newts
  10 goblins
  A jackal skeleton (D:5)
  15 kobolds
  12 rats
201 creatures vanquished.

Vanquished Creatures (others)
  2 slaves (D:5)
2 creatures vanquished.

Grand Total: 203 creatures vanquished

Notes
Turn   | Place    | Note
--------------------------------------------------------------
     0 | D:1      | BluebellGnoll, the Vine Stalker Monk, began the quest for the Orb.
     0 | D:1      | Reached XP level 1. HP: 11/11 MP: 1/1
    72 | D:1      | Reached XP level 2. HP: 11/16 MP: 3/3
   325 | D:1      | Reached XP level 3. HP: 17/19 MP: 4/4
   570 | D:2      | Reached skill level 5 in Stealth
   617 | D:2      | Noticed Ijyb
   906 | D:2      | Killed Ijyb
   906 | D:2      | Reached XP level 4. HP: 23/23 MP: 5/5
  1293 | D:3      | Found a glowing drain.
  1309 | Sewer    | Entered a sewer
  1439 | Sewer    | Noticed a big kobold
  1440 | Sewer    | Noticed a big kobold
  1480 | Sewer    | Killed a big kobold
  1480 | Sewer    | Reached skill level 5 in Unarmed Combat
  1480 | Sewer    | Reached XP level 5. HP: 22/27 MP: 7/7
  1508 | Sewer    | Killed a big kobold
  1508 | Sewer    | Gained mutation: You heal very quickly. [vine stalker growth]
  1508 | Sewer    | Reached XP level 6. HP: 24/32 MP: 8/8
  1589 | Sewer    | Noticed a big kobold
  1650 | Sewer    | Reached skill level 6 in Unarmed Combat
  1775 | Sewer    | Killed a big kobold
  1910 | D:3      | Found a shattered altar of Ashenzari.
  2062 | D:3      | Found a basalt altar of Yredelemnul.
  2669 | D:4      | Noticed BluebellGnoll's ghost (average VSMo)
  2676 | D:4      | Reached skill level 7 in Unarmed Combat
  2676 | D:4      | Reached XP level 7. HP: 35/35 MP: 9/9
  2687 | D:4      | Killed BluebellGnoll's ghost
  2868 | D:4      | Found a radiant altar of Vehumet.
  3029 | D:4      | Reached skill level 8 in Unarmed Combat
  3563 | D:5      | Entered Level 5 of the Dungeon
  3603 | D:5      | Gained mutation: You have razor-sharp teeth. [vine stalker growth]
  3603 | D:5      | Reached XP level 8. HP: 24/39 MP: 11/11
  3637 | D:5      | Reached skill level 9 in Unarmed Combat
  3782 | D:5      | Noticed Pikel
  3800 | D:5      | Killed Pikel
  3975 | D:5      | Reached skill level 5 in Fighting
  4012 | D:5      | Reached XP level 9. HP: 47/47 MP: 12/12
  4050 | D:5      | Found a stormy altar of Qazlal.
  4094 | D:5      | Became a worshipper of Qazlal Stormbringer
  4094 | D:5      | Acquired Qazlal's first power
  4094 | D:5      | Acquired Qazlal's second power
  4414 | D:5      | Found a staircase to the Ecumenical Temple.
  4422 | Temple   | Entered the Ecumenical Temple
  4714 | D:5      | Reached skill level 5 in Dodging
  4807 | D:6      | Found a glowing golden altar of the Shining One.
  4841 | D:6      | Identified a +0 rod of the swarm (12/12) (You found it on level 6 of the Dungeon)
  4870 | D:6      | Found a glowing golden altar of the Shining One.
  5293 | D:6      | Found a white marble altar of Elyvilon.
  5504 | D:6      | Reached skill level 10 in Unarmed Combat
  5700 | D:7      | Noticed runewalsh's ghost (experienced OpIE)
  6102 | D:7      | Found a sparkling altar of Nemelex Xobeh.
  6394 | D:7      | Killed from afar by runewalsh's ghost

Action                   |  1- 3 |  4- 6 |  7- 9 || total
-------------------------+-------+-------+-------++-------
Melee: Unarmed           |   138 |   221 |   378 ||   737
 Fire: Blowgun           |       |       |    30 ||    30
Throw: Javelin           |     3 |    13 |     9 ||    25
       Stone             |       |       |     4 ||     4
       Throwing net      |       |       |     1 ||     1
Invok: Upheaval          |       |       |     1 ||     1
  Use: Scroll            |       |     3 |    13 ||    16
       Potion            |       |       |     4 ||     4
 Stab: Sleeping          |     4 |     6 |     3 ||    13
       Held in net/web   |       |       |     2 ||     2
       Distracted        |       |       |     1 ||     1
  Eat: Chunk             |       |     6 |    12 ||    18
